 Dungeon Crawl Stone Soup version 0.30.1-11-g7821555f0a (webtiles) character file.

Game seed: 13370862241103663712

4547 Tauromancer the Severer (level 10, -2/72 HPs)
             Began as a Minotaur Fighter on Dec 21, 2023.
             Was a High Priest of Okawaru.
             Blown up by Maurice (11 damage)
             ... with a mindburst bolt
             ... on level 8 of the Dungeon.
             The game lasted 00:25:46 (5485 turns).

Tauromancer the Severer (Minotaur Fighter)          Turns: 5485, Time: 00:25:46

Health: -2/72      AC: 20    Str: 34    XL:     10   Next: 17%
Magic:  11/11      EV: 13    Int:  1    God:    Okawaru [*****.]
Gold:   353        SH:  6    Dex:  9    Spells: 9/9 levels left

rFire   + . .        D - +2 war axe (freeze)
rCold   . . .        t - +2 buckler of Bieggoas {rF+ Str+8 Int-4 Stlth+}
rNeg    . . .        H - +0 plate armour
rPois   .            (helmet restricted)
rElec   .            x - +0 cloak
rCorr   .            l - +0 pair of gloves
SInv    .            (no boots)
Will    .....        (no amulet) Stlth
                     i - +4 ring of protection
HPRegen 0.32/turn    y - +5 ring of evasion
MPRegen 0.12/turn

%: clarity
@: no status effects
A: horns 2, retaliatory headbutt, iridescent scales 1, clarity, frail 1
a: Renounce Religion, Heroism, Finesse, Duel


You were on level 8 of the Dungeon.
You worshipped Okawaru.
Okawaru was extremely pleased with you.
You visited 1 branch of the dungeon, and saw 8 of its levels.
You also visited: Bailey.

You collected 353 gold pieces.

Inventory:

Hand Weapons
 D - a +2 war axe of freezing (weapon)
Missiles
 B - 4 silver boomerangs (quivered)
Armour
 l - a +0 pair of gloves (worn)
 t - the +2 buckler of Bieggoas (worn) {rF+ Str+8 Int-4 Stlth+}
   (You found it on level 5 of the Dungeon)

   Str:       It affects your strength (+8).
   Int:       It affects your intelligence (-4).
   rF:        It protects you from fire.
   Stlth:     It makes you more stealthy.
 x - a +0 cloak (worn)
 H - a +0 plate armour (worn)
Jewellery
 i - a +4 ring of protection (left hand)
 r - a ring of resist corrosion
 y - a +5 ring of evasion (right hand)
Wands
 d - a wand of polymorph (13)
 k - a wand of flame (19)
 s - a wand of light (7)
 w - a wand of paralysis (9)
 A - a wand of mindburst (13)
Scrolls
 c - 2 scrolls of silence
 f - a scroll of fog
 g - a scroll of magic mapping
 h - a scroll of blinking
 p - 4 scrolls of teleportation
 z - a scroll of poison {unknown}
Potions
 a - a potion of berserk rage {unknown}
 b - 4 potions of resistance
 e - a potion of flight {unknown}
 j - 4 potions of heal wounds
 m - 4 potions of curing
 n - a potion of ambrosia {unknown}
 o - 6 potions of mutation
 u - a potion of attraction {unknown}
 v - a potion of haste
 C - a potion of cancellation
 E - 5 potions of might
 F - a potion of magic
 G - a potion of brilliance


   Skills:
 + Level 5.1 Fighting
 - Level 16.0 Axes
 + Level 5.1 Armour
 + Level 5.2 Shields
 + Level 2.7 Invocations


You had 9 spell levels left.
You didn't know any spells.
Your spell library contained the following spells:

 Spells                   Type           Power      Damage    Failure   Level
 Magic Dart               Conj           0%         1d3       99%         1
 Sandblast                Erth           0%         2d4       99%         1
 Shock                    Conj/Air       0%         1d3       99%         1
 Sting                    Tmut/Pois      0%         1d3       99%         1
 Ensorcelled Hibernation  Hex/Ice        0%         N/A       100%        2
 Passwall                 Tmut/Erth      0%         N/A       100%        2
 Poisonous Vapours        Pois/Air       0%         N/A       100%        2
 Mephitic Cloud           Conj/Pois/Air  0%         N/A       100%        3
 Stone Arrow              Conj/Erth      0%         3d7       100%        3
 Swiftness                Air            0%         N/A       100%        3
 Airstrike                Air            0%         2d(0-16)  100%        4
 Olgreb's Toxic Radiance  Pois           0%         N/A       100%        4
 Iskenderun's Battlesphe  Conj           0%         2d6       100%        5
 Iron Shot                Conj/Erth      0%         9d1       100%        6
 Call Imp                 Summ           Unusable   N/A       N/A         2
 Spellforged Servitor     Conj/Summ      Unusable   N/A       N/A         7

Dungeon Overview and Level Annotations

Branches:
Dungeon (8/15)             Temple (0/1) D:4          Bailey (visited)
   Lair: D:8-11

Altars:
Dithmenos
Kikubaaqudgha
Okawaru
Ru
Sif Muna

Annotations:
D:8 Maurice


Innate Abilities, Weirdness & Mutations

You have a pair of horns on your head.
You reflexively headbutt those who attack you in melee.
You are partially covered in iridescent scales. (AC +2)
You possess an exceptional clarity of mind.
You are frail. (-10% HP)


Message History

The orc wizard shouts!
The orc priest closely misses you. Something hits you.
* * * LOW HITPOINT WARNING * * *
Something steals your potion of invisibility!
Things that are here:
a +0 mace; a +0 ring mail; an orc corpse You hit the orc priest.
You freeze the orc priest.
The orc priest is moderately wounded.
The orc priest hits you but does no damage.
You closely miss the orc priest. You headbutt the orc priest!
You kill the orc priest!
Okawaru accepts your kill. You block something's attack.
You hear some strange, mumbled words.
Things that are here:
a +0 dagger; 22 gold pieces; an orc corpse You hit the orc wizard but do no damage.
You closely miss the orc wizard. You headbutt the orc wizard!
The orc wizard is heavily wounded.
The orc wizard misses you.
You hit the orc wizard. You freeze the orc wizard.
The orc wizard is almost dead.
Something hits you but does no damage. The orc wizard casts a spell at you.
The magic dart hits you but does no damage.
You completely miss the orc wizard. Your headbutt misses the orc wizard.
The orc wizard is almost dead.
Something barely misses you.
The orc wizard hits you but does no damage.
You hit the orc wizard. You freeze the orc wizard.
You kill the orc wizard!
Okawaru accepts your kill. Something hits you but does no damage.
You miss something. Something hits you!
* * * LOW HITPOINT WARNING * * *
Something steals 2 of your 3 scrolls of magic mapping!
You miss something.
You hear a zap.
Your mind is blasted!
You die...

##### ###### #.... **####*
#....####'### ,,....###
#.####....... ,,,.>...#
######.####.⌠...⌠. .####.#.###
#....†....#..).... ..........#
#.#....##.'...⌠...
........#.######)...####.#.......
≈≈≈≈≈S........))@{.......#.⌠...⌠.
~~*#≈≈)##)#######....#####.......
~**##≈..))...............####'###
~***#≈..#########.....####,*#....
~~*#≈≈§...............# *,*###..
~≈≈≈≈≈.######.≈≈≈≈≈≈..# *,* #..
.......# #.≈≈##≈≈..# *,####.<
.####### #.≈####≈.## *,#..... ,*
#.≈#*##≈.# *,#.....


There were no monsters in sight!

Vanquished Creatures
  A two-headed ogre (D:8)
  Pikel (D:5)
  Grinder (D:6)
  Sigmund (D:5)
  2 wyverns
  Edmund (D:5)
  3 water moccasins
  Duvessa (D:4)
  3 orc warriors
  A black bear (D:6)
  An ogre (D:7)
  A centaur (D:6)
  A phantom (D:5)
  2 lemures (D:5)
  2 bullfrogs
  6 scorpions
  Dowan (D:4)
  6 killer bees (D:8)
  The ghost of ritesign the Conjurer, a weakling DgCj (D:3)
  3 howler monkeys (D:7)
  3 jellies
  2 electric eels (D:8)
  A hound (D:7)
  2 orc priests
  A gnoll bouda (D:6)
  2 iguanas
  3 orc wizards
  7 adders
  19 gnolls
  A white imp (D:8)
  An ufetubus (D:5)
  2 worms (D:4)
  5 dart slugs
  26 orcs
  8 ball pythons
  3 bats
  7 endoplasms
  5 giant cockroaches
  9 goblins
  8 hobgoblins
  5 jackals
  7 quokkas
  3 frilled lizards
  4 kobolds
  2 rats (D:1)
175 creatures vanquished.

Notes
Turn   | Place    | Note
-------+----------+-------------------------------------------
     0 | D:1      | Tauromancer the Minotaur Fighter began the quest for the
                  | Orb.
     0 | D:1      | Reached XP level 1. HP: 19/19 MP: 0/0
    60 | D:1      | Reached skill level 3 in Axes
    70 | D:1      | Reached XP level 2. HP: 25/26 MP: 1/1
   213 | D:1      | Reached skill level 4 in Axes
   394 | D:1      | Reached XP level 3. HP: 31/31 MP: 2/2
   975 | D:2      | Reached skill level 5 in Axes
  1241 | D:3      | Reached XP level 4. HP: 39/39 MP: 3/3
  1269 | D:3      | Found a sacrificial altar of Ru.
  1513 | D:3      | Noticed ritesign's ghost (weakling DgCj)
  1520 | D:3      | Found a runed translucent door.
  1549 | D:3      | Found an iron altar of Okawaru.
  1550 | D:3      | Found a shimmering blue altar of Sif Muna.
  1554 | D:3      | Became a worshipper of Warmaster Okawaru
  1886 | D:3      | Killed ritesign's ghost
  1887 | D:3      | Reached skill level 6 in Axes
  1999 | D:4      | Reached XP level 5. HP: 45/45 MP: 4/4
  2037 | D:4      | Reached skill level 7 in Axes
  2074 | D:4      | Reached * piety under Okawaru
  2126 | D:4      | Reached XP level 6. HP: 51/51 MP: 5/5
  2133 | D:4      | Found a staircase to the Ecumenical Temple.
  2195 | D:4      | Reached skill level 8 in Axes
  2435 | D:4      | Noticed Duvessa
  2435 | D:4      | Noticed Dowan
  2458 | D:4      | Killed Dowan
  2468 | D:4      | Killed Duvessa
  2469 | D:4      | Reached skill level 9 in Axes
  2469 | D:4      | Reached XP level 7. HP: 20/57 MP: 6/6
  2805 | D:5      | Entered Level 5 of the Dungeon
  2812 | D:5      | Reached ** piety under Okawaru
  2814 | D:5      | Noticed Edmund
  2824 | D:5      | Killed Edmund
  2825 | D:5      | Reached skill level 10 in Axes
  2825 | D:5      | Gained mutation: You are frail. (-10% HP) [potion of
                  | mutation]
  2825 | D:5      | Gained mutation: You are partially covered in iridescent
                  | scales. (AC +2) [potion of mutation]
  2825 | D:5      | Gained mutation: You possess an exceptional clarity of
                  | mind. [potion of mutation]
  2828 | D:5      | Identified the +2 buckler of Bieggoas {rF+ Str+8 Int-4
                  | Stlth+}
  3129 | D:5      | Reached skill level 11 in Axes
  3196 | D:5      | Noticed Pikel
  3207 | D:5      | Killed Pikel
  3207 | D:5      | Reached *** piety under Okawaru
  3208 | D:5      | Reached skill level 12 in Axes
  3208 | D:5      | Reached XP level 8. HP: 55/57 MP: 4/7
  3248 | D:5      | Noticed Sigmund
  3254 | D:5      | Killed Sigmund
  3254 | D:5      | Reached **** piety under Okawaru
  3255 | D:5      | Reached skill level 13 in Axes
  3255 | D:5      | Found an ancient bone altar of Kikubaaqudgha.
  3676 | D:6      | Noticed Grinder
  3682 | D:6      | Paralysed by Grinder for 3 turns
  3689 | D:6      | Killed Grinder
  3707 | D:6      | Reached skill level 14 in Axes
  3707 | D:6      | Reached XP level 9. HP: 55/63 MP: 8/8
  4277 | D:7      | Reached skill level 15 in Axes
  4406 | D:7      | Found a shadowy altar of Dithmenos.
  4518 | D:7      | Identified the staff of fire "Jusilag" {rF+ rC+}
  4689 | D:8      | Found a flagged portal.
  4766 | D:8      | Reached ***** piety under Okawaru
  4773 | D:8      | Reached skill level 16 in Axes
  4781 | Bailey   | Entered a bailey
  4937 | Bailey   | Reached skill level 1 in Invocations
  5368 | D:8      | Noticed a two-headed ogre
  5377 | D:8      | Killed a two-headed ogre
  5378 | D:8      | Reached XP level 10. HP: 72/72 MP: 10/10
  5396 | D:8      | Reached skill level 5 in Fighting
  5396 | D:8      | Reached skill level 5 in Armour
  5396 | D:8      | Reached skill level 5 in Shields
  5449 | D:8      | Noticed Maurice
  5485 | D:8      | Blown up by Maurice

Illustrated notes

Levels and vault maps discovered:
D:1:      nicolae_arrival_washed_ashore, layout_rooms
D:2:      layout_basic, corner_web_ring
D:3:      layout_basic, jmf_multi_god_temple, mainiacjoe_overflow_paths,
          hellmonk_ghost_happy_afterlife
D:4:      layout_gridville, minmay_temple_entry_gardened_gates,
          chequers_serial_rivers_marsh, minmay_bent, uniq_duvessa
D:5:      layout_basic, kiku_gazebo_garden_becter, uniq_sigmund, uniq_pikel,
          uniq_edmund
D:6:      layout_basic, uniq_grinder
D:7:      layout_basic, grunt_dithmenos_smoke
D:8:      nicolae_moon_pools, layout_loops_ring, enter_bailey_7,
          minmay_fountain_box, uniq_erica, uniq_maurice

Skill      XL: |  1  2  3  4  5  6  7  8  9 10 |
---------------+-------------------------------+-----
Axes           | 3 4 5 6 7 9 12 14 16 | 16.0
Fighting       | 4 5 |  5.1
Armour         | 4 5 |  5.1
Shields        | 4 5 |  5.2
Invocations    | 2 |  2.7

Action                     |  1- 3 |  4- 6 |  7- 9 | 10-12 || total
---------------------------+-------+-------+-------+-------++-------
  Melee: War axe           |    91 |    96 |   203 |    28 ||   418
         Headbutt          |    12 |    15 |    22 |     7 ||    56
  Throw: Throwing net      |       |       |     1 |       ||     1
 Invoke: Heroism           |       |       |     2 |       ||     2
    Use: Scroll            |       |     6 |     7 |       ||    13
         Potion            |       |       |     7 |       ||     7
 Armour: Scale mail        |    52 |    57 |     5 |       ||   114
         Chain mail        |       |       |    49 |       ||    49
         Skin              |       |       |     9 |       ||     9
         Plate armour      |       |       |     6 |    11 ||    17
  Dodge: Dodged            |    39 |    38 |    83 |     8 ||   168
  Block: Buckler           |    22 |    21 |    59 |     4 ||   106
